 Dungeon Crawl Stone Soup version 0.13-a0-1536-gedae9ec (webtiles) character file.

1311 Kae the Fey Demonspawn (level 8, -4/60 HPs)
             Began as a Demonspawn Death Knight on June 9, 2013.
             Was a Believer of Yredelemnul.
             Slain by a gnoll
             ... wielding a +2,+2 flail
              (12 damage)
             ... on Level 6 of the Dungeon.
             The game lasted 00:15:23 (6100 turns).

Kae the Fey Demonspawn (Demonspawn Death Knight)    Turns: 6100, Time: 00:15:23

HP  -4/60        AC  8     Str 14      XL: 8   Next: 21%
MP  18/18        EV 11     Int 15      God: Yredelemnul [**....]
Gold 103         SH  0     Dex 15      Spells:  1 memorised, 12 levels left

Res.Fire  : . . .   See Invis. : .   H - +0 great mace
Res.Cold  : . . .   Warding    : .   C - +2 leather armour of Kaxtec {Dex+3 Dam-1 C Life Prot.: . . . Conserve : . (no shield)
Res.Poison: .       Res.Corr.  : .   (no helmet)
Res.Elec. : .       Clarity    : .   o - +0 dwarf cloak
Sust.Abil.: . .     Spirit.Shd : .   (no gloves)
Res.Mut.  : .       Stasis     : .   (no boots)
Res.Rott. : .       Flight     : .   (no amulet)
Saprovore : . . .                    (no ring)
                                     (no ring)

@: injury mirror, slightly resistant to hostile enchantments, fairly stealthy
A: nightstalker 1, powered by death 1, AC +2
a: Animate Remains, Recall Undead Slaves, Injury Mirror, Renounce Religion


You were on level 6 of the Dungeon.
You worshipped Yredelemnul.
Yredelemnul was most pleased with you.
You were not hungry.

You visited 1 branch of the dungeon, and saw 6 of its levels.

You collected 298 gold pieces.
You spent 215 gold pieces at shops.

Inventory:

Hand weapons
 a - a +1,+1 mace
 H - a +0,+0 great mace (weapon)
Armour
 b - a +0 leather armour
 k - a +0 cloak
 o - a +0 dwarven cloak (worn)
 C - the +2 leather armour of Kaxtec (worn) {Dex+3 Dam-1 Curse}
   (You bought it in a shop on level 4 of the Dungeon)

   It affects your dexterity (+3).
   It affects your damage-dealing abilities (-1).
   It may recurse itself.
 D - a +2 buckler
Magical devices
 u - a wand of teleportation (3) {unknown}
 K - a wand of invisibility (5) {unknown}
Comestibles
 c - 6 bread rations
 i - 2 pears
 p - 3 apples
 v - 3 meat rations
Scrolls
 d - 3 scrolls of teleportation {unknown}
 e - 5 scrolls of remove curse {unknown}
 f - 5 scrolls of identify
 g - 4 scrolls of fear {unknown}
 h - 2 scrolls of curse armour {unknown}
 s - a scroll of blinking {unknown}
 t - 2 scrolls of fog {unknown}
 x - 2 scrolls of curse weapon {unknown}
 A - a scroll of random uselessness {unknown}
 F - a scroll of enchant weapon I {unknown}
 G - 2 scrolls of magic mapping {unknown}
Jewellery
 y - an uncursed ring of magical power
 B - an uncursed amulet of inaccuracy
Potions
 j - a potion of resistance {unknown}
 l - 2 potions of agility
 m - a potion of curing
 q - 2 potions of mutation
 r - 3 potions of confusion {unknown}
 w - 2 potions of invisibility {unknown}
 z - 2 potions of heal wounds {unknown}
 E - a potion of might {unknown}
 I - 3 potions of brilliance {unknown}
Books
 n - a book of Spatial Translocations

   Spells                             Type                      Level
   Apportation                        Translocation                1
   Portal Projectile                  Translocation                2
   *Blink                             Translocation                2
   Shroud of Golubria                 Charms/Translocation         2
   Teleport Other                     Translocation                3
   Passage of Golubria                Translocation                4
 J - a book of Dreams

   Spells                             Type                      Level
   Ensorcelled Hibernation            Hexes/Ice                    2
   Flight                             Charms/Air                   3
   Phase Shift                        Translocation                5
   Shadow Creatures                   Summoning                    5
   Mass Confusion                     Hexes                        6
   Darkness                           Hexes                        7


   Skills:
 - Level 3.5 Fighting
 - Level 3.1 Maces & Flails
 - Level 0.8 Armour
 - Level 1.0 Dodging
 + Level 3.8 Spellcasting
 + Level 3.8 Translocations
 + Level 8.1 Invocations


You had 12 spell levels left.
You knew the following spells:

 Your Spells              Type           Power        Failure   Level  Hunger
a - Blink                 Tloc           N/A          8%          2    ##.....


Dungeon Overview and Level Annotations

Branches:
Dungeon (6/27)
 Temple: D:4-7          Orc: D:6-11

Altars:
Ashenzari
Fedhas
Kikubaaqudgha
Sif Muna
Zin

Shops:
D:4: %*


Innate Abilities, Weirdness & Mutations

You are mostly covered in rugged brown scales (AC +2, +5% HP).
You are slightly more attuned to the shadows.
You can steal the life force of nearby defeated enemies.


Message History

Yredelemnul mirrors your injury!
The gnoll is severely wounded.
You can no longer animate legions of the dead.
The gnoll sergeant closely misses you.
Drink which item? (? for menu, Esc to quit)
You feel better.
Your jackal zombie bites the gnoll sergeant but does no damage.
The gnoll barely misses you. The gnoll hits you but does no damage.
The gnoll misses you.
Drink which item? (? for menu, Esc to quit)
You feel better.
Your jackal zombie bites the gnoll sergeant.
The gnoll sergeant hits you from afar with a trident!
* * * LOW HITPOINT WARNING * * *
Yredelemnul mirrors your injury!
The gnoll sergeant is almost dead.
Your jackal zombie barely misses the gnoll sergeant.
The gnoll hits you with a flail!
You die...
Your body rises from the dead as a mindless zombie.

####### ################
....... ...............#
..............^g........#
..............gg@.......#
..............gz........#
####### .############..#
# #..# # #..# # #..# #
#..# ####### ..# #..#
..........# #..#


You could see a gnoll sergeant, 3 gnolls and a friendly jackal zombie.

Vanquished Creatures
  2 centaurs (D:6)
  2 sky beasts
  An ogre (D:5)
  A giant frog (D:6)
  A water moccasin (D:4)
  A crimson imp (D:5)
  3 hounds
  2 worker ants (D:4)
  A scorpion (D:5)
  An iguana (D:5)
  Ijyb (D:3)
  5 adders
  2 gnolls (D:6)
  A scorpion zombie (D:6)
  An adder skeleton (D:6)
  2 worms
  A giant eyeball (D:4)
  4 giant geckos
  7 orcs
  2 ball pythons (D:2)
  7 giant cockroaches
  8 goblins
  6 hobgoblins
  5 jackals
  2 quokkas
  12 bats
  5 giant newts
  A goblin zombie (D:5)
  7 kobolds
  8 rats
102 creatures vanquished.

Vanquished Creatures (collateral kills)
  An ogre (D:4)
  2 giant frogs (D:6)
  3 worker ants
  An adder (D:5)
  A ball python (D:1)
  3 hobgoblins
  A quokka (D:2)
  A giant newt (D:3)
  A goblin (D:6)
  2 rats (D:2)
16 creatures vanquished.

Vanquished Creatures (others)
  A giant frog zombie (D:6)
  A sky beast zombie (D:6)
  A hound zombie (D:6)
  A worker ant zombie (D:4)
  An adder zombie (D:4)
  2 bat zombies
  A giant cockroach zombie (D:3)
  A giant gecko zombie (D:5)
  2 goblin zombies
  A hobgoblin zombie (D:3)
  A jackal zombie (D:4)
  2 kobold zombies
  An orc zombie (D:6)
  A fungus (D:4)
  4 toadstools (D:1)
21 creatures vanquished.

Grand Total: 139 creatures vanquished

Notes
Turn   | Place    | Note
--------------------------------------------------------------
     0 | D:1      | Kae, the Demonspawn Death Knight, began the quest for the Orb.
     0 | D:1      | Reached XP level 1. HP: 16/16 MP: 2/2
   170 | D:1      | Reached skill level 1 in Dodging
   343 | D:1      | Reached skill level 4 in Invocations
   369 | D:1      | Gained mutation: You are partially covered in rugged brown scales (AC +1, +3% HP). [demonic ancestry]
   369 | D:1      | Reached XP level 2. HP: 9/22 MP: 4/4
  1306 | D:2      | Found a deep blue altar of Sif Muna.
  1394 | D:2      | Reached XP level 3. HP: 23/27 MP: 6/6
  1872 | D:3      | Gained mutation: You can steal the life force of nearby defeated enemies. [demonic ancestry]
  1872 | D:3      | Reached XP level 4. HP: 21/35 MP: 8/8
  2145 | D:3      | Acquired Yredelemnul's second power
  2560 | D:3      | Noticed Ijyb
  2590 | D:3      | Killed Ijyb
  2590 | D:3      | Reached skill level 5 in Invocations
  3112 | D:4      | Learned a level 2 spell: Blink
  3154 | D:4      | Found Cettif's Assorted Antiques.
  3172 | D:4      | Gained mutation: You are mostly covered in rugged brown scales (AC +2, +5% HP). [demonic ancestry]
  3172 | D:4      | Reached XP level 5. HP: 14/42 MP: 10/10
  3539 | D:4      | Bought a fine leather armour for 175 gold pieces
  3548 | D:4      | Identified the +2 leather armour of Kaxtec {Dex+3 Dam-1 Curse} (You bought it in a shop on level 4 of the Dungeon)
  3551 | D:4      | Paralysed by a giant eyeball for 4 turns
  3566 | D:4      | Found a blossoming altar of Fedhas.
  3585 | D:4      | Found a blossoming altar of Fedhas.
  3640 | D:4      | Found Furuxav's Food Emporium.
  3644 | D:4      | Bought a meat ration for 40 gold pieces
  4026 | D:4      | Found a shattered altar of Ashenzari.
  4031 | D:4      | Saw a vision of the Swamp and the Spider Nest.
  4031 | D:4      | Noticed a swamp drake
  4031 | D:4      | Noticed an alligator
  4031 | D:4      | Noticed a swamp drake
  4031 | D:4      | Noticed a redback
  4031 | D:4      | Noticed a swamp drake
  4031 | D:4      | Noticed a swamp drake
  4126 | D:4      | Noticed an ogre
  4141 | D:4      | Killed an ogre
  4141 | D:4      | Reached skill level 1 in Spellcasting
  4141 | D:4      | Reached skill level 1 in Translocations
  4370 | D:5      | Entered Level 5 of the Dungeon
  4457 | D:5      | Noticed a sky beast
  4470 | D:5      | Killed a sky beast
  4470 | D:5      | Reached skill level 6 in Invocations
  4470 | D:5      | Gained mutation: You are slightly more attuned to the shadows. [demonic ancestry]
  4470 | D:5      | Reached XP level 6. HP: 48/48 MP: 9/13
  4754 | D:5      | Noticed an ogre
  4798 | D:5      | Killed an ogre
  4798 | D:5      | Reached XP level 7. HP: 32/54 MP: 15/15
  4970 | D:5      | Found an ancient bone altar of Kikubaaqudgha.
  5423 | D:6      | Reached skill level 7 in Invocations
  5476 | D:6      | Acquired Yredelemnul's third power
  5519 | D:6      | Found a glowing silver altar of Zin.
  5590 | D:6      | Found a deep blue altar of Sif Muna.
  5743 | D:6      | Reached XP level 8. HP: 60/60 MP: 18/18
  5931 | D:6      | Reached skill level 8 in Invocations
  6098 | D:6      | HP: 3/60 [gnoll/spear (2)]
  6100 | D:6      | Slain by a gnoll

Action                   |  1- 3 |  4- 6 |  7- 9 || total
-------------------------+-------+-------+-------++-------
Melee: Mace              |   112 |   148 |       ||   260
       Great mace        |       |    74 |   115 ||   189
 Cast: Blink             |       |     1 |       ||     1
Invok: Animate Remains   |     9 |    14 |     7 ||    30
       Injury Mirror     |       |     3 |     1 ||     4
       Recall Undead Sla |       |     1 |     1 ||     2
       Animate Dead      |       |       |     5 ||     5
  Use: Scroll            |       |     4 |       ||     4
       Potion            |       |     4 |     2 ||     6
 Stab: Distracted        |       |     4 |       ||     4
